HSSL
JEFFERSONVILLE-YOUNGSVILLE CENTRAL HS TROJANS @ BROKEN ARROW HS
04/04/2030
 
TOP OF THE 1ST
Jeffersonville-Youngsville Central HS Trojans batting - Pitching for Broken Arrow HS : RHP Paul Hays
Pitching: RHP Paul Hays
Batting: LHB Tony Chávez 0-0: Fly out, F8 (Flyball, 8RM)
Batting: RHB Murray Jackson 0-0: Ball
1-0: Ball
2-0: Ball
3-0: Foul Ball, location: 2F
3-1: Swinging Strike
3-2: Base on Balls
Batting: LHB Steve Parker 0-0: Foul Ball, location: 2F
0-1: Ball
1-1: Foul Ball, location: 2F
1-2: Ball
2-2: Ball
3-2: Strikes out looking
Batting: RHB Glenn Brooks 0-0: Fly out, F7 (Flyball, 7D)
Top of the 1st over - 0 runs, 0 hits, 0 errors, 1 left on base; Jeffersonville-Youngsville Central HS 0 - Broken Arrow HS 0
BOTTOM OF THE 1ST
Broken Arrow HS batting - Pitching for Jeffersonville-Youngsville Central HS Trojans : RHP Michael Brooks
Pitching: RHP Michael Brooks
Batting: RHB Bo Long 0-0: Ball
1-0: Called Strike
1-1: Ball
2-1: Called Strike
2-2: Ball
3-2: Foul Ball, location: 2F
3-2: SOLO HOME RUN (Flyball, 9LD), Distance : 338 ft
Batting: RHB Keith Dailey 0-0: Ball
1-0: Called Strike
1-1: Swinging Strike
1-2: Fly out, F8 (Flyball, 8RD)
Batting: RHB Alejandro Vélez 0-0: Ball
1-0: SOLO HOME RUN (Flyball, 78XD), Distance : 418 ft
Batting: LHB Michael Keller 0-0: Ground out 6-3 (Groundball, 4M)
Batting: RHB Bing-zhong Liu 0-0: Called Strike
0-1: Ball
1-1: Ball
2-1: Swinging Strike
2-2: Foul Ball, location: 2F
2-2: Foul Ball, location: 2F
2-2: Ground out 6-3 (Groundball, 6)
Bottom of the 1st over - 2 runs, 2 hits, 0 errors, 0 left on base; Jeffersonville-Youngsville Central HS 0 - Broken Arrow HS 2
TOP OF THE 2ND
Jeffersonville-Youngsville Central HS Trojans batting - Pitching for Broken Arrow HS : RHP Willis Reynolds
Pitching: RHP Willis Reynolds
Batting: LHB Ed Williams 0-0: Called Strike
0-1: SINGLE (Groundball, 4MD)
Batting: RHB Bob Perkins 0-0: Ball
1-0: Ball
2-0: Called Strike
2-1: Foul Ball, location: 2F
2-2: Fly out, F7 (Flyball, 7)
Batting: RHB Myron Preston 0-0: Called Strike
0-1: DOUBLE (Flyball, 89D)
Ed Williams to third
Batting: RHB Jeff Valentine 0-0: Foul Ball, location: 2F
0-1: Fly out, F9 (Flyball, 9LM)
Runner from 3rd tags up, SCORES, throw made
Batting: RHB John Goudie 0-0: Ball
1-0: Ball
2-0: Ball
3-0: Base on Balls
Batting: LHB Tony Chávez 0-0: Swinging Strike
0-1: Called Strike
0-2: Ground out 4-3 (Groundball, 4)
Top of the 2nd over - 1 run, 2 hits, 0 errors, 2 left on base; Jeffersonville-Youngsville Central HS 1 - Broken Arrow HS 2
BOTTOM OF THE 2ND
Broken Arrow HS batting - Pitching for Jeffersonville-Youngsville Central HS Trojans : RHP Michael Brooks
Batting: LHB James Carlson 0-0: Ball
1-0: Ball
2-0: Foul Ball, location: 2F
2-1: Foul Ball, location: 2F
2-2: Ball
3-2: Strikes out swinging
Batting: RHB James Thompson 0-0: Ball
1-0: Foul Ball, location: 2F
1-1: Ball
2-1: Called Strike
2-2: Foul Ball, location: 2F
2-2: Ball
3-2: Fly out, F5 (Line Drive, 5)
Batting: LHB Mac Little 0-0: Ball
1-0: Ball
2-0: Swinging Strike
2-1: Swinging Strike
2-2: Strikes out looking
Bottom of the 2nd over - 0 runs, 0 hits, 0 errors, 0 left on base; Jeffersonville-Youngsville Central HS 1 - Broken Arrow HS 2
TOP OF THE 3RD
Jeffersonville-Youngsville Central HS Trojans batting - Pitching for Broken Arrow HS : RHP Willis Reynolds
Batting: RHB Murray Jackson 0-0: Called Strike
0-1: Called Strike
0-2: Strikes out swinging
Batting: LHB Steve Parker 0-0: Called Strike
0-1: Foul Ball, location: 2F
0-2: Ball
1-2: Foul Ball, location: 2F
1-2: Foul Ball, location: 2F
1-2: Foul Ball, location: 2F
1-2: Ball
2-2: Ball
3-2: SINGLE (Groundball, 3D)
Batting: RHB Glenn Brooks 0-0: Called Strike
0-1: Ball
1-1: Ball
2-1: Foul Ball, location: 2F
2-2: Strikes out swinging
Batting: LHB Ed Williams 0-0: Swinging Strike
0-1: Ball
1-1: SINGLE (Line Drive, 34D)
Steve Parker to second
Batting: RHB Bob Perkins 0-0: Ball
1-0: Foul Ball, location: 2F
1-1: Fly out, F8 (Flyball, 78D)
Top of the 3rd over - 0 runs, 2 hits, 0 errors, 2 left on base; Jeffersonville-Youngsville Central HS 1 - Broken Arrow HS 2
BOTTOM OF THE 3RD
Broken Arrow HS batting - Pitching for Jeffersonville-Youngsville Central HS Trojans : RHP Claudio López
Pitching: RHP Claudio López
Batting: RHB Daniel Conner 0-0: Ground out 6-3 (Groundball, 56)
Batting: RHB Bo Long 0-0: Ball
1-0: Foul Ball, location: 2F
1-1: Foul Ball, location: 2F
1-2: Ball
2-2: Ball
3-2: Base on Balls
Batting: RHB Keith Dailey 0-0: Called Strike
0-1: Ball
1-1: Foul Ball, location: 2F
1-2: Ball
2-2: Ball
3-2: Strikes out swinging
Batting: RHB Alejandro Vélez 0-0: Called Strike
Bo Long steals 2nd base
0-1: Ground out 3-1 (Groundball, 34S)
Bottom of the 3rd over - 0 runs, 0 hits, 0 errors, 1 left on base; Jeffersonville-Youngsville Central HS 1 - Broken Arrow HS 2
TOP OF THE 4TH
Jeffersonville-Youngsville Central HS Trojans batting - Pitching for Broken Arrow HS : RHP Willis Reynolds
Batting: RHB Myron Preston 0-0: Called Strike
0-1: Swinging Strike
0-2: Ball
1-2: SINGLE (Groundball, 4MD)
Batting: RHB Jeff Valentine 0-0: Ball
1-0: Swinging Strike
1-1: Ball
2-1: Foul Ball, location: 2F
2-2: Ball
3-2: Grounds into double play, 5-4-3 (Groundball, 56)
Batting: RHB John Goudie 0-0: Ball
1-0: Ball
2-0: Fly out, F8 (Flyball, 8LD)
Top of the 4th over - 0 runs, 1 hit, 0 errors, 0 left on base; Jeffersonville-Youngsville Central HS 1 - Broken Arrow HS 2
BOTTOM OF THE 4TH
Broken Arrow HS batting - Pitching for Jeffersonville-Youngsville Central HS Trojans : RHP Claudio López
Batting: LHB Michael Keller 0-0: Foul Ball, location: 2F
0-1: Called Strike
0-2: Strikes out swinging
Batting: RHB Bing-zhong Liu 0-0: SINGLE (Groundball, 6MD)
Batting: LHB James Carlson 0-0: Swinging Strike
0-1: Foul Ball, location: 2F
0-2: Ball
1-2: Fly out, F8 (Line Drive, 8LD)
Batting: RHB James Thompson 0-0: Ball
1-0: Ball
2-0: Foul Ball, location: 2F
2-1: Swinging Strike
2-2: Ball
3-2: Base on Balls
Bing-zhong Liu to second
Batting: LHB Mac Little 0-0: SINGLE (Flyball, 89M)
Bing-zhong Liu to third
James Thompson to second
Runner from 3rd tries for Home, throw and OUT!
Bottom of the 4th over - 0 runs, 2 hits, 0 errors, 2 left on base; Jeffersonville-Youngsville Central HS 1 - Broken Arrow HS 2
TOP OF THE 5TH
Jeffersonville-Youngsville Central HS Trojans batting - Pitching for Broken Arrow HS : RHP Willis Reynolds
Batting: LHB Tony Chávez 0-0: Ball
1-0: Ball
2-0: Ball
3-0: Base on Balls
Batting: RHB Murray Jackson 0-0: Ball
1-0: Ball
2-0: Called Strike
2-1: Grounds into double play, 6-4-3 (Groundball, 6)
Batting: LHB Steve Parker 0-0: Fly out, F7 (Flyball, 7S)
Top of the 5th over - 0 runs, 0 hits, 0 errors, 0 left on base; Jeffersonville-Youngsville Central HS 1 - Broken Arrow HS 2
BOTTOM OF THE 5TH
Broken Arrow HS batting - Pitching for Jeffersonville-Youngsville Central HS Trojans : RHP Claudio López
Batting: RHB Daniel Conner 0-0: Ball
1-0: Swinging Strike
1-1: Hit by Pitch
Batting: RHB Bo Long 0-0: Ball
1-0: Foul Ball, location: 2F
1-1: Grounds into double play, 4-6-3 (Groundball, 4)
Batting: RHB Keith Dailey 0-0: Swinging Strike
0-1: Ball
1-1: Ball
2-1: Foul Ball, location: 2F
2-2: Fly out, F5 (Line Drive, 56)
Bottom of the 5th over - 0 runs, 0 hits, 0 errors, 0 left on base; Jeffersonville-Youngsville Central HS 1 - Broken Arrow HS 2
TOP OF THE 6TH
Jeffersonville-Youngsville Central HS Trojans batting - Pitching for Broken Arrow HS : RHP Willis Reynolds
Batting: RHB Glenn Brooks 0-0: Foul Ball, location: 2F
0-1: Ball
1-1: Ball
2-1: Foul Ball, location: 2F
2-2: Ball
3-2: Base on Balls
Pitching: RHP Larry Gray
Batting: LHB Ed Williams 0-0: Called Strike
0-1: Foul Ball, location: 2F
0-2: Ball
1-2: Foul Ball, location: 2F
1-2: Foul Ball, location: 2F
1-2: SINGLE (Flyball, 89S)
Glenn Brooks to second
Batting: RHB Bob Perkins 0-0: Fly out, F4 (Line Drive, 4M)
Batting: RHB Myron Preston 0-0: Foul Ball, location: 2F
0-1: Ball
1-1: Foul Ball, location: 2F
1-2: Foul Ball, location: 2F
1-2: Strikes out swinging
Batting: RHB Jeff Valentine 0-0: Ball
1-0: Called Strike
1-1: Called Strike
1-2: Ball
2-2: Ball
3-2: Foul Ball, location: 2F
3-2: Strikes out swinging
Top of the 6th over - 0 runs, 1 hit, 0 errors, 2 left on base; Jeffersonville-Youngsville Central HS 1 - Broken Arrow HS 2
BOTTOM OF THE 6TH
Broken Arrow HS batting - Pitching for Jeffersonville-Youngsville Central HS Trojans : RHP Claudio López
Batting: RHB Alejandro Vélez 0-0: Ball
1-0: Called Strike
1-1: Ball
2-1: Foul Ball, location: 2F
2-2: Ball
3-2: Base on Balls
Batting: LHB Michael Keller 0-0: Called Strike
0-1: Fielders Choice at 2nd, 1-4 (Groundball, 15S)
Batting: RHB Bing-zhong Liu 0-0: Ball
1-0: Ball
2-0: Called Strike
2-1: Foul Ball, location: 2F
2-2: Ball
3-2: Base on Balls
Michael Keller to second
Pitching: LHP Derek Chipman
Batting: LHB James Carlson 0-0: Ball
1-0: Fielders Choice at 2nd, 6-4 (Groundball, 6)
Michael Keller to third
Batting: RHB James Thompson 0-0: Called Strike
0-1: Foul Ball, location: 2F
0-2: Ball
1-2: Foul Ball, location: 2F
1-2: Strikes out swinging
Bottom of the 6th over - 0 runs, 0 hits, 0 errors, 2 left on base; Jeffersonville-Youngsville Central HS 1 - Broken Arrow HS 2
TOP OF THE 7TH
Jeffersonville-Youngsville Central HS Trojans batting - Pitching for Broken Arrow HS : RHP Larry Gray
Batting: RHB John Goudie 0-0: Called Strike
0-1: Ball
1-1: Fly out, F8 (Flyball, 8LM)
Batting: LHB Tony Chávez 0-0: Ball
1-0: Swinging Strike
1-1: Swinging Strike
1-2: Strikes out swinging
Batting: RHB Murray Jackson 0-0: Foul Ball, location: 2F
0-1: Ball
1-1: Called Strike
1-2: Strikes out swinging
Top of the 7th over - 0 runs, 0 hits, 0 errors, 0 left on base; Jeffersonville-Youngsville Central HS 1 - Broken Arrow HS 2
BOTTOM OF THE 7TH
Broken Arrow HS batting - Pitching for Jeffersonville-Youngsville Central HS Trojans : LHP Derek Chipman
Batting: LHB Mac Little 0-0: Called Strike
0-1: Fly out, F3 (Popup, 3SF)
Batting: RHB Daniel Conner 0-0: Ball
1-0: Ground out 5-3 (Groundball, 56)
Batting: RHB Bo Long 0-0: Ball
1-0: Ground out 4-3 (Groundball, 4)
Bottom of the 7th over - 0 runs, 0 hits, 0 errors, 0 left on base; Jeffersonville-Youngsville Central HS 1 - Broken Arrow HS 2
TOP OF THE 8TH
Jeffersonville-Youngsville Central HS Trojans batting - Pitching for Broken Arrow HS : LHP Alonso Villanueva
Pitching: LHP Alonso Villanueva
Batting: LHB Steve Parker 0-0: Foul Ball, location: 2F
0-1: Foul Ball, location: 2F
0-2: Ball
1-2: SINGLE (Groundball, 6D)
Pitching: RHP Bill Brady
Batting: RHB Glenn Brooks 0-0: Ball
1-0: Called Strike
1-1: Foul Ball, location: 2F
1-2: Fielders Choice at 2nd, 6-4 (Groundball, 6M)
Batting: LHB Ed Williams 0-0: Ball
1-0: Foul Ball, location: 2F
1-1: Ball
2-1: Called Strike
2-2: Foul Ball, location: 2F
2-2: Ball
3-2: Fly out, F2 (Popup, 2LF)
Batting: RHB Bob Perkins 0-0: Swinging Strike
0-1: Ball
1-1: Called Strike
1-2: Foul Ball, location: 2F
1-2: Ball
2-2: Strikes out swinging
Top of the 8th over - 0 runs, 1 hit, 0 errors, 1 left on base; Jeffersonville-Youngsville Central HS 1 - Broken Arrow HS 2
BOTTOM OF THE 8TH
Broken Arrow HS batting - Pitching for Jeffersonville-Youngsville Central HS Trojans : LHP Derek Chipman
Batting: RHB Keith Dailey 0-0: Ball
1-0: Called Strike
1-1: Swinging Strike
1-2: Foul Ball, location: 2F
1-2: Strikes out swinging
Batting: RHB Alejandro Vélez 0-0: Called Strike
0-1: Ball
1-1: Ball
2-1: Swinging Strike
2-2: Ball
3-2: Fly out, F7 (Flyball, 7S)
Batting: LHB Michael Keller 0-0: DOUBLE (Line Drive, 9D)
Batting: RHB Bing-zhong Liu 0-0: Ball
1-0: Ball
2-0: Ball
3-0: Called Strike
3-1: Base on Balls
Pinch Hitting: RHB Paul Dowd 0-0: Called Strike
0-1: Ball
1-1: Ball
2-1: Fly out, F9 (Flyball, 9)
Bottom of the 8th over - 0 runs, 1 hit, 0 errors, 2 left on base; Jeffersonville-Youngsville Central HS 1 - Broken Arrow HS 2
TOP OF THE 9TH
Jeffersonville-Youngsville Central HS Trojans batting - Pitching for Broken Arrow HS : RHP Bill Brady
Pitching: LHP Roger Macías
Now in CF: John Tidwell
Batting: RHB Myron Preston 0-0: Called Strike
0-1: Swinging Strike
0-2: Foul Ball, location: 2F
0-2: Ball
1-2: Strikes out swinging
Batting: RHB Jeff Valentine 0-0: Ball
1-0: Foul Ball, location: 2F
1-1: Ball
2-1: Ball
3-1: Ground out 5-3 (Groundball, 25)
Batting: RHB John Goudie 0-0: Foul Ball, location: 2F
0-1: Called Strike
0-2: Foul Ball, location: 2F
0-2: Ball
1-2: Strikes out swinging
Top of the 9th over - 0 runs, 0 hits, 0 errors, 0 left on base; Jeffersonville-Youngsville Central HS 1 - Broken Arrow HS 2
Saturday, April 7th, 2018 - OOTP Baseball 18.8 Build 76